Devils vs Lightning
Created - 18 janvier 2017 at 23:44
Goals
|
| Devils |
1 |
2 |
3 |
6 |
| Lightning |
1 |
1 |
2 |
4 |
|
Shots
|
| Devils |
10 |
17 |
9 |
36 |
| Lightning |
18 |
12 |
8 |
38 |
|
1st period
1. Devils , Brad Richardson 6 (Mike Komisarek) at 9:15
2. Lightning , Robert Nilsson 24 (Jeff Schultz, Kris Versteeg) at 18:52
Penalties :
Darroll Powe (TB.) for High sticking (Minor) at 3:00
2nd period
3. Lightning , Pierre-Marc Bouchard 8 (Daniel Carcillo, Steve Bernier) at 1:32
4. Devils , Jason Spezza 19 (Chris Mcallister, Michael Frolik) at 10:02
5. Devils , Michael Frolik 9 (Chris Mcallister, Damien Brunner) at 12:57
Penalties :
Sheldon Keefe (TB.) for Hooking (Minor) at 6:01, Ilya Kovalchuk (NJD) for Elbowing (Minor) at 17:56
3rd period
6. Devils , Michael Frolik 10 (Ilya Kovalchuk, Brent Seabrook) at 0:38 (PP)
7. Lightning , Brent Burns 9 (Kris Versteeg, Henrik Zetterberg) at 0:44
8. Devils , Vladimir Tarasenko 11 (Brad Richardson, James Reimer) at 9:06
9. Devils , Vladimir Tarasenko 12 (Matt Duchene, Brent Seabrook) at 14:08 (PP)
10. Lightning , Logan Couture 10 (Jeff Schultz) at 14:21
Penalties :
Kris Versteeg (TB.) for Holding (Minor) at 0:25, Robert Nilsson (TB.) for Hooking (Minor) at 2:00, Wayne Simmonds (TB.) for Holding (Minor) at 12:39
Goalie Stats
James Reimer (NJD), 34 saves from 38 shots - (0,895), W, 13-8-1, 60:00 minutes
Jaroslav Halak (TB.), 30 saves from 36 shots - (0,833), L, 13-14-2, 60:00 minutes
Players Stats for Devils
Player Name G A P +/- PIM S H SB GA TA FO MP PP MP PK MP
------------------------------------------------------------------------------------
Brad Richardson 1 1 2 0 0 2 1 0 0 0 0/1 10:22 0:00 0:00
Brent Seabrook 0 2 2 0 0 1 1 4 3 0 0/0 24:54 4:08 1:47
Brett Maclean 0 0 0 1 0 0 1 1 0 0 1/1 8:41 0:00 0:00
Chris Mcallister 0 2 2 -1 0 1 1 1 2 0 0/0 12:51 0:00 0:00
Chris Phillips 0 0 0 0 0 0 2 3 0 0 0/0 19:38 4:08 0:00
Damien Brunner 0 1 1 1 0 0 0 0 0 0 0/0 8:41 0:00 0:00
Gabriel Landeskog 0 0 0 0 0 1 2 0 0 0 0/0 14:40 4:07 0:16
Ilya Kovalchuk 0 1 1 0 2 8 1 0 1 1 0/1 22:10 3:32 0:00
Jason Spezza 1 0 1 -1 0 2 0 0 0 1 4/18 16:53 3:32 0:16
Jay McKee 0 0 0 3 0 1 0 1 0 0 0/0 10:53 0:00 0:12
Karl Alzner 0 0 0 -3 0 3 0 0 0 0 0/0 23:57 3:31 0:00
Matt Duchene 0 1 1 0 0 2 1 0 1 0 18/31 22:40 4:07 0:00
Michael Frolik 2 1 3 -1 0 5 1 0 1 0 1/3 18:14 3:32 1:43
Michal Rozsival 0 0 0 -3 0 2 5 3 1 0 0/0 24:09 3:31 0:12
Mike Komisarek 0 1 1 3 0 1 1 1 0 1 0/0 15:57 0:00 1:47
Steve Ott 0 0 0 1 0 0 0 0 0 0 1/2 9:02 0:00 0:00
Vincent Lecavalier 0 0 0 0 0 3 0 1 0 1 3/6 11:39 0:00 1:43
Vladimir Tarasenko 2 0 2 0 0 4 0 0 0 2 0/2 22:39 4:07 0:00
Players Stats for Lightning
Player Name G A P +/- PIM S H SB GA TA FO MP PP MP PK MP
------------------------------------------------------------------------------------
Andy Rogers 0 0 0 -1 0 2 0 0 0 0 0/0 19:23 0:00 3:09
Brent Burns 1 0 1 2 0 1 2 1 2 2 0/0 29:13 1:28 4:30
Chris Higgins 0 0 0 -1 0 3 1 0 0 1 0/1 16:53 0:48 2:36
Daniel Carcillo 0 1 1 1 0 4 2 0 0 0 0/0 11:59 0:00 1:09
Darroll Powe 0 0 0 -2 2 1 1 2 0 0 0/1 8:46 0:00 0:49
Henrik Zetterberg 0 1 1 2 0 5 0 0 2 2 4/6 24:31 1:11 4:59
Jeff Schultz 0 2 2 2 0 1 1 2 0 1 0/0 28:20 0:31 4:30
John Carlson 0 0 0 -1 0 3 1 0 0 0 0/0 17:23 1:28 0:00
Kris Versteeg 0 2 2 2 2 6 4 0 0 0 2/3 21:08 1:11 1:28
Logan Couture 1 0 1 -1 0 3 3 0 1 1 11/14 13:31 0:00 0:11
Pierre-Luc Létourneau 0 0 0 -2 0 1 0 0 0 1 0/0 7:48 0:00 0:06
Pierre-Marc Bouchard 1 0 1 1 0 2 0 0 0 0 5/10 11:31 0:48 0:00
Robert Nilsson 1 0 1 2 2 3 1 0 0 0 15/30 23:41 1:11 4:00
Sheldon Keefe 0 0 0 -2 2 0 0 0 0 0 0/0 7:38 0:00 0:00
Steve Bernier 0 1 1 1 0 0 1 0 0 0 0/0 11:31 0:48 0:00
Victor Hedman 0 0 0 -1 0 0 0 0 0 0 0/0 11:24 0:31 0:00
Wayne Simmonds 0 0 0 -1 2 2 1 0 1 0 0/0 13:19 0:00 0:00
Wes O'Neill 0 0 0 -1 0 1 2 1 0 1 0/0 14:17 0:00 3:09
3 Stars
1 - Michael Frolik (NJD)
2 - Vladimir Tarasenko (NJD)
3 - Brent Burns (TB.)
Power Play
Devils - 2 on 5 Attempt(s) - 40,00%
Lightning - 0 on 1 Attempt(s) - 0,00%
Penalty Kill
Devils - 1 on 1 Attempt(s) - 100,00%
- Score 0 goal in Penalty Kill
Lightning - 3 on 5 Attempt(s) - 60,00%
- Score 0 goal in Penalty Kill
Team Stat
Devils - Hits : 17 - Faceoff Wins : 28 - Blocked Shots : 15 - Penalty Minutes : 2
Lightning - Hits : 20 - Faceoff Wins : 37 - Blocked Shots : 6 - Penalty Minutes : 10
Official
Referees : Kimmerly Greg and Pollock Kevin
Linesman : Scott Cherrey and Derek Amell
Game Notes
No Game Note
Finance
Level 1 -- Attendance: 4245 (70,75%) -- Ticket Income 466 950 $
Level 2 -- Attendance: 3732 (74,64%) -- Ticket Income 220 188 $
Level 3 -- Attendance: 1290 (64,50%) -- Ticket Income 50 310 $
Level 4 -- Attendance: 2251 (56,28%) -- Ticket Income 78 785 $
Luxury Box -- Attendance: 667 (66,70%) -- Ticket Income 140 070 $
Game was played at the Tampa Bay Stadium.
Total Attendance: 12185 (67,69%)
Total Ticket Income: 956 303 $
Other Income: 143 445 $
Total Income: 1 099 748 $
Devils
5 vs 5 Forward
Center Left Wing Right Wing Time % Phy DF OF
1 Matt Duchene Ilya Kovalchuk Vladimir Tarasenko 40 0 2 3
2 Jason Spezza Chris Mcallister Michael Frolik 30 0 2 3
3 Vincent Lecavalier Gabriel Landeskog Brad Richardson 20 0 2 3
4 Steve Ott Brett Maclean Damien Brunner 10 0 3 2
5 vs 5 Defense
Defense Defense Time % Phy DF OF
1 Michal Rozsival Karl Alzner 40 1 2 2
2 Chris Phillips Brent Seabrook 30 1 2 2
3 Jay McKee Mike Komisarek 20 1 2 2
4 Brent Seabrook Mike Komisarek 10 1 2 2
PowerPlay Forward
Center Left Wing Right Wing Time % Phy DF OF
1 Jason Spezza Ilya Kovalchuk Michael Frolik 55 0 2 3
2 Matt Duchene Gabriel Landeskog Vladimir Tarasenko 45 0 2 3
PowerPlay Defense
Defense Defense Time % Phy DF OF
1 Brent Seabrook Chris Phillips 60 0 2 3
2 Karl Alzner Michal Rozsival 40 0 2 3
Penalty Kill 4 Players Forward
Center Wing Time % Phy DF OF
1 Vincent Lecavalier Michael Frolik 60 1 2 2
2 Jason Spezza Gabriel Landeskog 40 1 2 2
Penalty Kill 4 Players Defense
Defense Defense Time % Phy DF OF
1 Brent Seabrook Mike Komisarek 60 1 2 2
2 Michal Rozsival Jay McKee 40 1 2 2
Penalty Kill - 3 Players Forward
Forward Time % Phy DF OF
1 Ilya Kovalchuk 60 1 2 2
2 Vincent Lecavalier 40 1 2 2
Penalty Kill - 3 Players Defense
Defense Defense Time % Phy DF OF
1 Michal Rozsival Jay McKee 60 1 2 2
2 Mike Komisarek Brent Seabrook 40 1 2 2
4 vs 4 Forward
Center Wing Time % Phy DF OF
1 Jason Spezza Michael Frolik 60 1 2 2
2 Matt Duchene Ilya Kovalchuk 40 1 2 2
4 vs 4 Defense
Defense Defense Time % Phy DF OF
1 Michal Rozsival Brent Seabrook 60 1 2 2
2 Mike Komisarek Jay McKee 40 1 2 2
Last Minutes Offensive
Center Left Wing Right Wing Defense Defense
Jason Spezza Ilya Kovalchuk Michael Frolik Brent Seabrook Michal Rozsival
Last Minutes Defensive
Center Left Wing Right Wing Defense Defense
Jason Spezza Ilya Kovalchuk Michael Frolik Michal Rozsival Brent Seabrook
Goaltenders
Starting : James Reimer
Backup : Frederik Andersen
Extra Forwards
Normal : Vincent Lecavalier, Steve Ott, Brad Richardson - PP : Matt Duchene, Steve Ott - PK : Brad Richardson
Extra Defensemen
Normal : Brent Seabrook, Karl Alzner, Michal Rozsival - PP : Chris Phillips - PK : Karl Alzner, Brent Seabrook
Penalty Shots
Ilya Kovalchuk, Vincent Lecavalier, Jason Spezza, Michael Frolik, Matt Duchene
Lightning
5 vs 5 Forward
Center Left Wing Right Wing Time % Phy DF OF
1 Robert Nilsson Henrik Zetterberg Kris Versteeg 40 1 2 2
2 Logan Couture Chris Higgins Wayne Simmonds 30 1 2 2
3 Pierre-Marc Bouchard Daniel Carcillo Steve Bernier 20 1 2 2
4 Darroll Powe Pierre-Luc Létourneau Sheldon Keefe 10 1 2 2
5 vs 5 Defense
Defense Defense Time % Phy DF OF
1 Brent Burns Jeff Schultz 40 1 2 2
2 John Carlson Andy Rogers 30 1 2 2
3 Wes O'Neill Victor Hedman 20 1 2 2
4 Brent Burns Jeff Schultz 10 1 2 2
PowerPlay Forward
Center Left Wing Right Wing Time % Phy DF OF
1 Robert Nilsson Henrik Zetterberg Kris Versteeg 60 1 2 2
2 Pierre-Marc Bouchard Chris Higgins Steve Bernier 40 1 2 2
PowerPlay Defense
Defense Defense Time % Phy DF OF
1 Brent Burns John Carlson 60 1 2 2
2 Victor Hedman Jeff Schultz 40 1 2 2
Penalty Kill 4 Players Forward
Center Wing Time % Phy DF OF
1 Henrik Zetterberg Robert Nilsson 60 1 2 2
2 Kris Versteeg Chris Higgins 40 1 2 2
Penalty Kill 4 Players Defense
Defense Defense Time % Phy DF OF
1 Brent Burns Jeff Schultz 60 1 2 2
2 Wes O'Neill Andy Rogers 40 1 2 2
Penalty Kill - 3 Players Forward
Forward Time % Phy DF OF
1 Sheldon Keefe 60 1 2 2
2 Wayne Simmonds 40 1 2 2
Penalty Kill - 3 Players Defense
Defense Defense Time % Phy DF OF
1 Brent Burns Jeff Schultz 60 1 2 2
2 John Carlson Andy Rogers 40 1 2 2
4 vs 4 Forward
Center Wing Time % Phy DF OF
1 Henrik Zetterberg Robert Nilsson 60 1 2 2
2 Kris Versteeg Chris Higgins 40 1 2 2
4 vs 4 Defense
Defense Defense Time % Phy DF OF
1 Brent Burns Jeff Schultz 60 1 2 2
2 John Carlson Andy Rogers 40 1 2 2
Last Minutes Offensive
Center Left Wing Right Wing Defense Defense
Robert Nilsson Henrik Zetterberg Kris Versteeg Brent Burns Jeff Schultz
Last Minutes Defensive
Center Left Wing Right Wing Defense Defense
Robert Nilsson Henrik Zetterberg Kris Versteeg Brent Burns Jeff Schultz
Goaltenders
Starting : Jaroslav Halak
Backup : Tyler Weiman
Extra Forwards
Normal : Daniel Carcillo, Sheldon Keefe, Darroll Powe - PP : Logan Couture, Sheldon Keefe - PK : Daniel Carcillo
Extra Defensemen
Normal : Wes O'Neill, Victor Hedman, John Carlson - PP : Wes O'Neill - PK : Victor Hedman, John Carlson
Penalty Shots
Henrik Zetterberg, Robert Nilsson, Kris Versteeg, Chris Higgins, Pierre-Marc Bouchard
% Time on Ice - Devils
Lines # - Real PCT - Wanted PCT - Time Play
Normal Forward
1 - 38% - 40% - 18:58
2 - 26% - 30% - 12:58
3 - 19% - 20% - 9:45
4 - 17% - 10% - 8:41
Normal Defense
1 - 42% - 40% - 21:09
2 - 29% - 30% - 14:51
3 - 20% - 20% - 10:18
4 - 8% - 10% - 4:04
PP Forward
1 - 46% - 55% - 3:32
2 - 54% - 45% - 4:07
PP Defense
1 - 54% - 60% - 4:08
2 - 46% - 40% - 3:31
PK Forward
1 - 87% - 60% - 1:43
2 - 13% - 40% - 0:16
PK Defense
1 - 90% - 60% - 1:47
2 - 10% - 40% - 0:12
PK3 Forward
1 - 0% - 60%
2 - 0% - 40%
PK3 Defense
1 - 0% - 60%
2 - 0% - 40%
44 Forward
1 - 0% - 60%
2 - 0% - 40%
44 Defense
1 - 0% - 60%
2 - 0% - 40%
Last Minute Offensive - 0:00
Last Minute Defensive - 0:00
Total
Forward - 60:00
Defense - 60:00
|
% Time on Ice - Lightning
Lines # - Real PCT - Wanted PCT - Time Play
Normal Forward
1 - 37% - 40% - 18:38
2 - 27% - 30% - 13:29
3 - 21% - 20% - 10:43
4 - 15% - 10% - 7:32
Normal Defense
1 - 41% - 40% - 20:30
2 - 32% - 30% - 16:18
3 - 21% - 20% - 10:49
4 - 5% - 10% - 2:45
PP Forward
1 - 60% - 60% - 1:11
2 - 40% - 40% - 0:48
PP Defense
1 - 74% - 60% - 1:28
2 - 26% - 40% - 0:31
PK Forward
1 - 81% - 60% - 6:11
2 - 19% - 40% - 1:28
PK Defense
1 - 59% - 60% - 4:30
2 - 41% - 40% - 3:09
PK3 Forward
1 - 0% - 60%
2 - 0% - 40%
PK3 Defense
1 - 0% - 60%
2 - 0% - 40%
44 Forward
1 - 0% - 60%
2 - 0% - 40%
44 Defense
1 - 0% - 60%
2 - 0% - 40%
Last Minute Offensive - 0:00
Last Minute Defensive - 0:00
Total
Forward - 60:00
Defense - 60:00
|
Play by Play
1st period
0:01 of 1st period - Robert Nilsson wins face-off versus Matt Duchene in neutral zone.
0:26 of 1st period - Chris Mcallister is hit by Brent Burns and loses puck.
0:37 of 1st period - Snap shot by Logan Couture.
0:37 of 1st period - Stopped by James Reimer with a rebound.
1:15 of 1st period - Michal Rozsival is hit by Robert Nilsson and loses puck.
1:22 of 1st period - Slapshot by Chris Phillips.
1:22 of 1st period - Shot Misses the Net.
1:48 of 1st period - Chris Phillips is hit by Logan Couture and loses puck.
2:13 of 1st period - Snap shot by Jason Spezza.
2:13 of 1st period - Shot Blocked by Darroll Powe.
2:43 of 1st period - Snap shot by Darroll Powe.
2:43 of 1st period - Shot Blocked by Jay McKee.
3:00 of 1st period - Minor Penalty to Darroll Powe for High sticking.
3:01 of 1st period - Henrik Zetterberg wins face-off versus Michael Frolik in Lightning zone.
3:38 of 1st period - Wrist shot by Henrik Zetterberg.
3:38 of 1st period - Shot Misses the Net.
3:50 of 1st period - Snap shot by Robert Nilsson.
3:50 of 1st period - Shot Misses the Net.
3:52 of 1st period - Snap shot by Henrik Zetterberg.
3:52 of 1st period - Shot Misses the Net.
4:01 of 1st period - Wrist shot by Henrik Zetterberg.
4:01 of 1st period - Stopped by James Reimer with a rebound.
4:29 of 1st period - Snap shot by Kris Versteeg.
4:29 of 1st period - Stopped by James Reimer without a rebound.
4:30 of 1st period - Kris Versteeg wins face-off versus Jason Spezza in Devils zone.
4:33 of 1st period - Wrist shot by Kris Versteeg.
4:33 of 1st period - Shot Blocked by Chris Phillips.
5:00 of 1st period - Penalty to Darroll Powe is over, Darroll Powe is back on ice.
5:08 of 1st period - Off-side.
5:09 of 1st period - Brett Maclean wins face-off versus Pierre-Marc Bouchard in neutral zone.
5:38 of 1st period - Wrist shot by Chris Higgins.
5:38 of 1st period - Deflect By Wayne Simmonds.
5:38 of 1st period - Stopped by James Reimer with a rebound.
6:22 of 1st period - Off-side.
6:23 of 1st period - Matt Duchene wins face-off versus Robert Nilsson in neutral zone.
6:38 of 1st period - Wrist shot by Ilya Kovalchuk.
6:38 of 1st period - Shot Misses the Net.
6:48 of 1st period - Michal Rozsival is hit by Wes O'Neill.
7:12 of 1st period - Snap shot by Ilya Kovalchuk.
7:12 of 1st period - Shot Misses the Net.
7:30 of 1st period - Slapshot by Henrik Zetterberg.
7:30 of 1st period - Shot Misses the Net.
7:32 of 1st period - Slapshot by Henrik Zetterberg.
7:32 of 1st period - Stopped by James Reimer with a rebound.
7:34 of 1st period - Snap shot by Kris Versteeg.
7:34 of 1st period - Stopped by James Reimer with a rebound.
7:36 of 1st period - Snap shot by Robert Nilsson.
7:36 of 1st period - Shot Blocked by Michal Rozsival.
7:38 of 1st period - Slapshot by Robert Nilsson.
7:38 of 1st period - Stopped by James Reimer without a rebound.
7:39 of 1st period - Jason Spezza wins face-off versus Logan Couture in Devils zone.
8:49 of 1st period - Slapshot by Chris Higgins.
8:49 of 1st period - Stopped by James Reimer with a rebound.
9:15 of 1st period - Wrist shot by Brad Richardson.
9:15 of 1st period - Goal by Brad Richardson - Devils : 1 - Lightning : 0.
9:16 of 1st period - Robert Nilsson wins face-off versus Matt Duchene in neutral zone.
9:37 of 1st period - Ilya Kovalchuk is hit by Jeff Schultz and loses puck.
10:33 of 1st period - Snap shot by Darroll Powe.
10:33 of 1st period - Stopped by James Reimer with a rebound.
10:55 of 1st period - Slapshot by Michael Frolik.
10:55 of 1st period - Shot Blocked by Brent Burns.
11:47 of 1st period - Snap shot by Robert Nilsson.
11:47 of 1st period - Shot Misses the Net.
11:49 of 1st period - Slapshot by Jeff Schultz.
11:49 of 1st period - Stopped by James Reimer without a rebound.
11:50 of 1st period - Logan Couture wins face-off versus Matt Duchene in Devils zone.
12:01 of 1st period - Wrist shot by Wayne Simmonds.
12:01 of 1st period - Stopped by James Reimer with a rebound.
12:03 of 1st period - Slapshot by John Carlson.
12:03 of 1st period - Stopped by James Reimer with a rebound.
12:05 of 1st period - Slapshot by Andy Rogers.
12:05 of 1st period - Stopped by James Reimer without a rebound.
12:06 of 1st period - Jason Spezza wins face-off versus Pierre-Marc Bouchard in Devils zone.
12:15 of 1st period - Snap shot by Steve Bernier.
12:15 of 1st period - Shot Misses the Net.
12:17 of 1st period - Slapshot by John Carlson.
12:17 of 1st period - Shot Misses the Net.
12:19 of 1st period - Snap shot by Steve Bernier.
12:19 of 1st period - Shot Blocked by Michal Rozsival.
12:38 of 1st period - Wrist shot by Chris Higgins.
12:38 of 1st period - Shot Misses the Net.
12:40 of 1st period - Slapshot by Victor Hedman.
12:40 of 1st period - Shot Misses the Net.
12:58 of 1st period - Slapshot by Vincent Lecavalier.
12:58 of 1st period - Stopped by Jaroslav Halak with a rebound.
13:00 of 1st period - Slapshot by Mike Komisarek.
13:00 of 1st period - Shot Misses the Net.
13:02 of 1st period - Slapshot by Brent Seabrook.
13:02 of 1st period - Shot Misses the Net.
13:15 of 1st period - Off-side.
13:16 of 1st period - Steve Ott wins face-off versus Robert Nilsson in neutral zone.
13:35 of 1st period - Icing by Kris Versteeg.
13:36 of 1st period - Matt Duchene wins face-off versus Robert Nilsson in Lightning zone.
14:05 of 1st period - Snap shot by Michael Frolik.
14:05 of 1st period - Stopped by Jaroslav Halak with a rebound.
14:09 of 1st period - Wrist shot by Michael Frolik.
14:09 of 1st period - Stopped by Jaroslav Halak with a rebound.
14:11 of 1st period - Snap shot by Karl Alzner.
14:11 of 1st period - Stopped by Jaroslav Halak without a rebound.
14:12 of 1st period - Matt Duchene wins face-off versus Pierre-Marc Bouchard in Lightning zone.
14:22 of 1st period - Off-side.
14:23 of 1st period - Matt Duchene wins face-off versus Henrik Zetterberg in neutral zone.
15:09 of 1st period - Snap shot by Pierre-Marc Bouchard.
15:09 of 1st period - Shot Hit the Post.
15:54 of 1st period - Wrist shot by Kris Versteeg.
15:54 of 1st period - Shot Misses the Net.
15:56 of 1st period - Slapshot by Brent Burns.
15:56 of 1st period - Shot Misses the Net.
15:58 of 1st period - Wrist shot by Kris Versteeg.
15:58 of 1st period - Shot Blocked by Brett Maclean.
16:38 of 1st period - Wrist shot by Daniel Carcillo.
16:38 of 1st period - Deflect By Vincent Lecavalier.
16:38 of 1st period - Shot Blocked by Brent Seabrook.
16:38 of 1st period - Puck is out of play.
16:39 of 1st period - Matt Duchene wins face-off versus Robert Nilsson in Devils zone.
16:48 of 1st period - Snap shot by Kris Versteeg.
16:48 of 1st period - Stopped by James Reimer without a rebound.
16:49 of 1st period - Matt Duchene wins face-off versus Robert Nilsson in Devils zone.
17:13 of 1st period - Slapshot by Andy Rogers.
17:13 of 1st period - Stopped by James Reimer without a rebound.
17:14 of 1st period - Logan Couture wins face-off versus Jason Spezza in Devils zone.
17:44 of 1st period - Slapshot by Brad Richardson.
17:44 of 1st period - Shot Misses the Net.
17:46 of 1st period - Wrist shot by Vincent Lecavalier.
17:46 of 1st period - Stopped by Jaroslav Halak with a rebound.
17:48 of 1st period - Slapshot by Michal Rozsival.
17:48 of 1st period - Stopped by Jaroslav Halak without a rebound.
17:49 of 1st period - Matt Duchene wins face-off versus Robert Nilsson in Lightning zone.
18:24 of 1st period - Slapshot by Michal Rozsival.
18:24 of 1st period - Stopped by Jaroslav Halak without a rebound.
18:25 of 1st period - Pierre-Marc Bouchard wins face-off versus Vladimir Tarasenko in Lightning zone.
18:30 of 1st period - Wrist shot by Ilya Kovalchuk.
18:30 of 1st period - Stopped by Jaroslav Halak without a rebound.
18:31 of 1st period - Matt Duchene wins face-off versus Pierre-Marc Bouchard in Lightning zone.
18:40 of 1st period - Snap shot by Ilya Kovalchuk.
18:40 of 1st period - Stopped by Jaroslav Halak without a rebound.
18:41 of 1st period - Robert Nilsson wins face-off versus Jason Spezza in Lightning zone.
18:48 of 1st period - Snap shot by Kris Versteeg.
18:48 of 1st period - Stopped by James Reimer with a rebound.
18:50 of 1st period - Snap shot by Jeff Schultz.
18:50 of 1st period - Shot Blocked by Chris Mcallister.
18:52 of 1st period - Snap shot by Robert Nilsson.
18:52 of 1st period - Goal by Robert Nilsson - Devils : 1 - Lightning : 1.
18:53 of 1st period - Logan Couture wins face-off versus Ilya Kovalchuk in neutral zone.
19:48 of 1st period - Wrist shot by Daniel Carcillo.
19:48 of 1st period - Stopped by James Reimer without a rebound.
19:49 of 1st period - Logan Couture wins face-off versus Matt Duchene in Devils zone.
Goals for this period are 1 for Devils vs 1 for Lightning .
Shots for this period are 10 for Devils vs 18 for Lightning .
2nd period
0:01 of 2nd period - Matt Duchene wins face-off versus Kris Versteeg in neutral zone.
0:04 of 2nd period - Snap shot by Vladimir Tarasenko.
0:04 of 2nd period - Shot Misses the Net.
0:06 of 2nd period - Snap shot by Matt Duchene.
0:06 of 2nd period - Deflect By Ilya Kovalchuk.
0:06 of 2nd period - Stopped by Jaroslav Halak with a rebound.
0:08 of 2nd period - Snap shot by Vladimir Tarasenko.
0:08 of 2nd period - Stopped by Jaroslav Halak without a rebound.
0:09 of 2nd period - Matt Duchene wins face-off versus Robert Nilsson in Lightning zone.
0:12 of 2nd period - Wrist shot by Matt Duchene.
0:12 of 2nd period - Stopped by Jaroslav Halak without a rebound.
0:13 of 2nd period - Kris Versteeg wins face-off versus Jason Spezza in Lightning zone.
1:00 of 2nd period - Snap shot by Brad Richardson.
1:00 of 2nd period - Stopped by Jaroslav Halak with a rebound.
1:02 of 2nd period - Snap shot by Gabriel Landeskog.
1:02 of 2nd period - Stopped by Jaroslav Halak without a rebound.
1:03 of 2nd period - Pierre-Marc Bouchard wins face-off versus Vincent Lecavalier in Lightning zone.
1:20 of 2nd period - Wrist shot by Daniel Carcillo.
1:20 of 2nd period - Stopped by James Reimer with a rebound.
1:22 of 2nd period - Wrist shot by Steve Bernier.
1:22 of 2nd period - Shot Misses the Net.
1:24 of 2nd period - Snap shot by Daniel Carcillo.
1:24 of 2nd period - Stopped by James Reimer with a rebound.
1:32 of 2nd period - Wrist shot by Pierre-Marc Bouchard.
1:32 of 2nd period - Goal by Pierre-Marc Bouchard - Devils : 1 - Lightning : 2.
1:33 of 2nd period - Robert Nilsson wins face-off versus Matt Duchene in neutral zone.
1:38 of 2nd period - Slapshot by Robert Nilsson.
1:38 of 2nd period - Shot Blocked by Chris Phillips.
1:40 of 2nd period - Slapshot by Brent Burns.
1:40 of 2nd period - Shot Blocked by Chris Phillips.
2:23 of 2nd period - Backhand shot by Brad Richardson.
2:23 of 2nd period - Shot Misses the Net.
2:25 of 2nd period - Wrist shot by Vincent Lecavalier.
2:25 of 2nd period - Shot Misses the Net.
2:27 of 2nd period - Slapshot by Brent Seabrook.
2:27 of 2nd period - Shot Misses the Net.
2:47 of 2nd period - Slapshot by Darroll Powe.
2:47 of 2nd period - Shot Blocked by Mike Komisarek.
2:59 of 2nd period - Brett Maclean is hit by Wayne Simmonds and loses puck.
3:25 of 2nd period - Snap shot by Kris Versteeg.
3:25 of 2nd period - Stopped by James Reimer without a rebound.
3:26 of 2nd period - Robert Nilsson wins face-off versus Matt Duchene in Devils zone.
5:12 of 2nd period - Wrist shot by Kris Versteeg.
5:12 of 2nd period - Shot Misses the Net.
5:14 of 2nd period - Snap shot by Henrik Zetterberg.
5:14 of 2nd period - Stopped by James Reimer with a rebound.
6:01 of 2nd period - Minor Penalty to Sheldon Keefe for Hooking.
6:02 of 2nd period - Robert Nilsson wins face-off versus Jason Spezza in Lightning zone.
6:32 of 2nd period - Slapshot by Vladimir Tarasenko.
6:32 of 2nd period - Stopped by Jaroslav Halak without a rebound.
6:33 of 2nd period - Henrik Zetterberg wins face-off versus Jason Spezza in Lightning zone.
6:44 of 2nd period - Wes O'Neill is hit by Ilya Kovalchuk.
7:05 of 2nd period - Snap shot by Chris Higgins.
7:05 of 2nd period - Shot Misses the Net.
7:27 of 2nd period - Icing by Michael Frolik.
7:28 of 2nd period - Jason Spezza wins face-off versus Chris Higgins in Devils zone.
7:39 of 2nd period - Robert Nilsson is hit by Chris Phillips and loses puck.
8:01 of 2nd period - Penalty to Sheldon Keefe is over, Sheldon Keefe is back on ice.
8:27 of 2nd period - Slapshot by Darroll Powe.
8:27 of 2nd period - Shot Blocked by Brent Seabrook.
8:52 of 2nd period - Snap shot by Jason Spezza.
8:52 of 2nd period - Stopped by Jaroslav Halak without a rebound.
8:53 of 2nd period - Matt Duchene wins face-off versus Logan Couture in Lightning zone.
9:02 of 2nd period - Wrist shot by Ilya Kovalchuk.
9:02 of 2nd period - Stopped by Jaroslav Halak with a rebound.
9:04 of 2nd period - Snap shot by Ilya Kovalchuk.
9:04 of 2nd period - Stopped by Jaroslav Halak with a rebound.
9:06 of 2nd period - Snap shot by Ilya Kovalchuk.
9:06 of 2nd period - Shot Misses the Net.
9:28 of 2nd period - Snap shot by Robert Nilsson.
9:28 of 2nd period - Shot Hit the Post.
9:30 of 2nd period - Wrist shot by Robert Nilsson.
9:30 of 2nd period - Shot Misses the Net.
10:00 of 2nd period - Snap shot by Michael Frolik.
10:00 of 2nd period - Shot Blocked by Jeff Schultz.
10:02 of 2nd period - Snap shot by Chris Mcallister.
10:02 of 2nd period - Deflect By Jason Spezza.
10:02 of 2nd period - Goal by Jason Spezza - Devils : 2 - Lightning : 2.
10:03 of 2nd period - Matt Duchene wins face-off versus Robert Nilsson in neutral zone.
10:06 of 2nd period - Slapshot by Mike Komisarek.
10:06 of 2nd period - Stopped by Jaroslav Halak with a rebound.
10:08 of 2nd period - Snap shot by Jay McKee.
10:08 of 2nd period - Stopped by Jaroslav Halak with a rebound.
10:10 of 2nd period - Wrist shot by Vladimir Tarasenko.
10:10 of 2nd period - Deflect By Matt Duchene.
10:10 of 2nd period - Shot Blocked by Jeff Schultz.
10:10 of 2nd period - Puck is out of play.
10:11 of 2nd period - Matt Duchene wins face-off versus Robert Nilsson in Lightning zone.
10:18 of 2nd period - Wrist shot by Matt Duchene.
10:18 of 2nd period - Stopped by Jaroslav Halak without a rebound.
10:19 of 2nd period - Matt Duchene wins face-off versus Robert Nilsson in Lightning zone.
10:36 of 2nd period - Ilya Kovalchuk is hit by Kris Versteeg and loses puck.
10:43 of 2nd period - Jeff Schultz is hit by Michal Rozsival and loses puck.
11:06 of 2nd period - Henrik Zetterberg is hit by Michal Rozsival and loses puck.
11:36 of 2nd period - Wrist shot by Ilya Kovalchuk.
11:36 of 2nd period - Stopped by Jaroslav Halak without a rebound.
11:37 of 2nd period - Logan Couture wins face-off versus Jason Spezza in Lightning zone.
11:37 of 2nd period - Logan Couture is hit by Chris Mcallister.
12:15 of 2nd period - Chris Phillips is hit by Daniel Carcillo and loses puck.
12:26 of 2nd period - Darroll Powe is hit by Brett Maclean and loses puck.
12:35 of 2nd period - Slapshot by Brett Maclean.
12:35 of 2nd period - Shot Blocked by Wes O'Neill.
12:55 of 2nd period - Wrist shot by Michael Frolik.
12:55 of 2nd period - Stopped by Jaroslav Halak with a rebound.
12:57 of 2nd period - Slapshot by Michael Frolik.
12:57 of 2nd period - Goal by Michael Frolik - Devils : 3 - Lightning : 2.
12:58 of 2nd period - Robert Nilsson wins face-off versus Jason Spezza in neutral zone.
13:06 of 2nd period - Brent Burns is hit by Mike Komisarek and loses puck.
13:50 of 2nd period - Wrist shot by Daniel Carcillo.
13:50 of 2nd period - Stopped by James Reimer without a rebound.
13:51 of 2nd period - Pierre-Marc Bouchard wins face-off versus Matt Duchene in Devils zone.
15:59 of 2nd period - Off-side.
16:00 of 2nd period - Logan Couture wins face-off versus Matt Duchene in neutral zone.
16:00 of 2nd period - Wayne Simmonds is hit by Matt Duchene.
16:04 of 2nd period - Michal Rozsival is hit by Logan Couture and loses puck.
16:31 of 2nd period - Karl Alzner is hit by Steve Bernier and loses puck.
16:50 of 2nd period - Snap shot by Brad Richardson.
16:50 of 2nd period - Shot Blocked by Darroll Powe.
16:52 of 2nd period - Snap shot by Brad Richardson.
16:52 of 2nd period - Shot Misses the Net.
16:54 of 2nd period - Wrist shot by Karl Alzner.
16:54 of 2nd period - Stopped by Jaroslav Halak without a rebound.
16:55 of 2nd period - Logan Couture wins face-off versus Matt Duchene in Lightning zone.
17:19 of 2nd period - Icing by Brent Seabrook.
17:20 of 2nd period - Pierre-Marc Bouchard wins face-off versus Matt Duchene in Devils zone.
17:56 of 2nd period - Minor Penalty to Ilya Kovalchuk for Elbowing.
17:57 of 2nd period - Vincent Lecavalier wins face-off versus Robert Nilsson in Devils zone.
17:57 of 2nd period - Vincent Lecavalier is hit by Kris Versteeg.
18:09 of 2nd period - Off-side.
18:10 of 2nd period - Robert Nilsson wins face-off versus Michael Frolik in neutral zone.
18:27 of 2nd period - Wrist shot by Kris Versteeg.
18:27 of 2nd period - Stopped by James Reimer with a rebound.
18:45 of 2nd period - Wrist shot by Chris Higgins.
18:45 of 2nd period - Stopped by James Reimer without a rebound.
18:46 of 2nd period - Vincent Lecavalier wins face-off versus Pierre-Marc Bouchard in Devils zone.
18:57 of 2nd period - Snap shot by Chris Higgins.
18:57 of 2nd period - Stopped by James Reimer without a rebound.
18:58 of 2nd period - Robert Nilsson wins face-off versus Vincent Lecavalier in Devils zone.
19:11 of 2nd period - Wrist shot by Kris Versteeg.
19:11 of 2nd period - Shot Blocked by Vincent Lecavalier.
19:13 of 2nd period - Backhand shot by John Carlson.
19:13 of 2nd period - Stopped by James Reimer with a rebound.
19:15 of 2nd period - Slapshot by John Carlson.
19:15 of 2nd period - Stopped by James Reimer without a rebound.
19:16 of 2nd period - Pierre-Marc Bouchard wins face-off versus Vincent Lecavalier in Devils zone.
19:27 of 2nd period - Slapshot by Pierre-Marc Bouchard.
19:27 of 2nd period - Stopped by James Reimer with a rebound.
19:43 of 2nd period - Kris Versteeg is hit by Brent Seabrook and loses puck.
19:54 of 2nd period - Wrist shot by Robert Nilsson.
19:54 of 2nd period - Shot Blocked by Brent Seabrook.
19:56 of 2nd period - Penalty to Ilya Kovalchuk is over, Ilya Kovalchuk is back on ice.
Goals for this period are 2 for Devils vs 1 for Lightning .
Shots for this period are 17 for Devils vs 12 for Lightning .
3rd period
0:01 of 3rd period - Robert Nilsson wins face-off versus Matt Duchene in neutral zone.
0:05 of 3rd period - Icing by Michal Rozsival.
0:06 of 3rd period - Matt Duchene wins face-off versus Robert Nilsson in Devils zone.
0:06 of 3rd period - Matt Duchene is hit by Kris Versteeg.
0:25 of 3rd period - Minor Penalty to Kris Versteeg for Holding.
0:26 of 3rd period - Henrik Zetterberg wins face-off versus Jason Spezza in Lightning zone.
0:34 of 3rd period - Slapshot by Brent Seabrook.
0:34 of 3rd period - Shot Misses the Net.
0:36 of 3rd period - Snap shot by Ilya Kovalchuk.
0:36 of 3rd period - Shot Misses the Net.
0:38 of 3rd period - Wrist shot by Michael Frolik.
0:38 of 3rd period - Goal by Michael Frolik - Devils : 4 - Lightning : 2.
0:39 of 3rd period - Robert Nilsson wins face-off versus Jason Spezza in neutral zone.
0:42 of 3rd period - Slapshot by Kris Versteeg.
0:42 of 3rd period - Shot Misses the Net.
0:44 of 3rd period - Snap shot by Brent Burns.
0:44 of 3rd period - Goal by Brent Burns - Devils : 4 - Lightning : 3.
0:45 of 3rd period - Logan Couture wins face-off versus Jason Spezza in neutral zone.
0:51 of 3rd period - Brent Burns is hit by Michal Rozsival and loses puck.
1:15 of 3rd period - Icing by Karl Alzner.
1:16 of 3rd period - Matt Duchene wins face-off versus Robert Nilsson in Devils zone.
1:27 of 3rd period - Wrist shot by Ilya Kovalchuk.
1:27 of 3rd period - Stopped by Jaroslav Halak with a rebound.
1:29 of 3rd period - Snap shot by Ilya Kovalchuk.
1:29 of 3rd period - Shot Misses the Net.
1:31 of 3rd period - Snap shot by Matt Duchene.
1:31 of 3rd period - Deflect By Ilya Kovalchuk.
1:31 of 3rd period - Shot Misses the Net.
1:31 of 3rd period - Puck is out of play.
1:32 of 3rd period - Logan Couture wins face-off versus Jason Spezza in Lightning zone.
1:44 of 3rd period - Chris Phillips is hit by Chris Higgins and loses puck.
2:00 of 3rd period - Minor Penalty to Robert Nilsson for Hooking.
2:01 of 3rd period - Michael Frolik wins face-off versus Henrik Zetterberg in Lightning zone.
2:02 of 3rd period - Snap shot by Ilya Kovalchuk.
2:02 of 3rd period - Shot Misses the Net.
2:41 of 3rd period - Henrik Zetterberg is hit by Gabriel Landeskog.
3:03 of 3rd period - Jeff Schultz is hit by Michal Rozsival and loses puck.
4:00 of 3rd period - Penalty to Robert Nilsson is over, Robert Nilsson is back on ice.
4:05 of 3rd period - Slapshot by Wes O'Neill.
4:05 of 3rd period - Stopped by James Reimer with a rebound.
4:07 of 3rd period - Wrist shot by Pierre-Luc Létourneau.
4:07 of 3rd period - Stopped by James Reimer with a rebound.
4:09 of 3rd period - Backhand shot by Robert Nilsson.
4:09 of 3rd period - Stopped by James Reimer without a rebound.
4:10 of 3rd period - Robert Nilsson wins face-off versus Steve Ott in Devils zone.
4:11 of 3rd period - Snap shot by Henrik Zetterberg.
4:11 of 3rd period - Stopped by James Reimer with a rebound.
4:17 of 3rd period - Snap shot by Henrik Zetterberg.
4:17 of 3rd period - Stopped by James Reimer with a rebound.
4:35 of 3rd period - Brent Burns is hit by Brad Richardson and loses puck.
5:01 of 3rd period - Ilya Kovalchuk is hit by John Carlson and loses puck.
5:14 of 3rd period - Kris Versteeg is hit by Michael Frolik and loses puck.
6:40 of 3rd period - Sheldon Keefe is hit by Michal Rozsival and loses puck.
6:47 of 3rd period - Karl Alzner is hit by Darroll Powe and loses puck.
7:39 of 3rd period - Matt Duchene is hit by Wes O'Neill.
8:21 of 3rd period - Wrist shot by Chris Mcallister.
8:21 of 3rd period - Stopped by Jaroslav Halak with a rebound.
9:06 of 3rd period - Snap shot by Vladimir Tarasenko.
9:06 of 3rd period - Goal by Vladimir Tarasenko - Devils : 5 - Lightning : 3.
9:07 of 3rd period - Robert Nilsson wins face-off versus Matt Duchene in neutral zone.
9:34 of 3rd period - Jay McKee is hit by Logan Couture and loses puck.
9:53 of 3rd period - Karl Alzner is hit by Brent Burns and loses puck.
10:12 of 3rd period - Slapshot by Matt Duchene.
10:12 of 3rd period - Shot Misses the Net.
10:20 of 3rd period - Slapshot by Sheldon Keefe.
10:20 of 3rd period - Shot Misses the Net.
10:22 of 3rd period - Slapshot by Pierre-Luc Létourneau.
10:22 of 3rd period - Shot Hit the Post.
11:18 of 3rd period - Vincent Lecavalier is hit by Daniel Carcillo and loses puck.
11:39 of 3rd period - Victor Hedman is hit by Chris Phillips and loses puck.
11:59 of 3rd period - Brett Maclean is hit by Kris Versteeg and loses puck.
12:22 of 3rd period - Wrist shot by Logan Couture.
12:22 of 3rd period - Stopped by James Reimer without a rebound.
12:23 of 3rd period - Logan Couture wins face-off versus Matt Duchene in Devils zone.
12:39 of 3rd period - Minor Penalty to Wayne Simmonds for Holding.
12:40 of 3rd period - Henrik Zetterberg wins face-off versus Jason Spezza in Lightning zone.
12:46 of 3rd period - Snap shot by Ilya Kovalchuk.
12:46 of 3rd period - Stopped by Jaroslav Halak with a rebound.
12:48 of 3rd period - Slapshot by Karl Alzner.
12:48 of 3rd period - Shot Misses the Net.
14:08 of 3rd period - Snap shot by Vladimir Tarasenko.
14:08 of 3rd period - Goal by Vladimir Tarasenko - Devils : 6 - Lightning : 3.
14:09 of 3rd period - Jason Spezza wins face-off versus Logan Couture in neutral zone.
14:13 of 3rd period - Off-side.
14:14 of 3rd period - Logan Couture wins face-off versus Jason Spezza in neutral zone.
14:21 of 3rd period - Wrist shot by Logan Couture.
14:21 of 3rd period - Goal by Logan Couture - Devils : 6 - Lightning : 4.
14:22 of 3rd period - Matt Duchene wins face-off versus Robert Nilsson in neutral zone.
14:25 of 3rd period - Slapshot by Karl Alzner.
14:25 of 3rd period - Deflect By Brent Burns.
14:25 of 3rd period - Stopped by Jaroslav Halak without a rebound.
14:26 of 3rd period - Robert Nilsson wins face-off versus Vladimir Tarasenko in Lightning zone.
14:35 of 3rd period - Wrist shot by Robert Nilsson.
14:35 of 3rd period - Shot Blocked by Michal Rozsival.
14:37 of 3rd period - Slapshot by Robert Nilsson.
14:37 of 3rd period - Deflect By Matt Duchene.
14:37 of 3rd period - Shot Misses the Net.
14:37 of 3rd period - Puck is out of play.
14:38 of 3rd period - Matt Duchene wins face-off versus Robert Nilsson in Devils zone.
15:33 of 3rd period - Wrist shot by Vincent Lecavalier.
15:33 of 3rd period - Stopped by Jaroslav Halak without a rebound.
15:34 of 3rd period - Robert Nilsson wins face-off versus Brad Richardson in Lightning zone.
15:34 of 3rd period - Robert Nilsson is hit by Gabriel Landeskog.
17:01 of 3rd period - Icing by Pierre-Luc Létourneau.
17:02 of 3rd period - Vincent Lecavalier wins face-off versus Darroll Powe in Lightning zone.
17:03 of 3rd period - Slapshot by Brent Seabrook.
17:03 of 3rd period - Stopped by Jaroslav Halak with a rebound.
17:51 of 3rd period - Wrist shot by Chris Higgins.
17:51 of 3rd period - Shot Blocked by Brent Seabrook.
17:53 of 3rd period - Wrist shot by Logan Couture.
17:53 of 3rd period - Shot Misses the Net.
17:55 of 3rd period - Snap shot by Logan Couture.
17:55 of 3rd period - Shot Misses the Net.
19:06 of 3rd period - Snap shot by Jason Spezza.
19:06 of 3rd period - Shot Misses the Net.
Goals for this period are 3 for Devils vs 2 for Lightning .
Shots for this period are 9 for Devils vs 8 for Lightning .
Back to the Top